 Dungeon Crawl Stone Soup version 0.25.0-3-gd7cc5688da (console) character file.

Game seed: 8542414395352826734

341528 Kagalorn the Victor of a Thousand Battles (level 22, 0/172 HPs)
             Began as a Gnoll Air Elementalist on June 13, 2020.
             Was the Champion of Okawaru.
             Killed from afar by a deep elf annihilator (25 damage)
             ... with a bolt of lightning
             ... on level 1 of the Elven Halls on June 15, 2020.
             The game lasted 04:03:40 (75312 turns).

Kagalorn the Victor of a Thousand Battles (GnAE)   Turns: 75312, Time: 04:03:41

Health: 0/172      AC: 23    Str: 20    XL:     22   Next: 1%
Magic:  36/40      EV: 20    Int: 27    God:    Okawaru [******]
Gold:   1569       SH: 19    Dex: 19    Spells: 27/50 levels left

rFire    + + +     SeeInvis +   a - +3 broad axe (flame)
rCold    + . .     Gourm    .   N - +0 kite shield {reflect}
rNeg     . . .     Faith    .   e - +2 fire dragon scales {Xtahua}
rPois    .         Spirit   .   S - +2 helmet {Int+3}
rElec    .         Reflect  +   z - scarf {rC+ rF+}
rCorr    .         Harm     .   h - +0 pair of gloves {Str+3}
MR       +++..                  w - +1 pair of boots of the Last Continents {rC+ Str+4 Dex+2 SInv}
Stlth    +++++.....             U - amulet of reflection
HPRegen  0.38/turn              B - ring of Eternal Harmony {MR+ Stlth+}
MPRegen  0.27/turn              E - ring of protection from magic

@: lethally poisoned (0 -> -5), starving
A: distributed training, fangs 1, strong nose
}: 2/15 runes: decaying, gossamer
a: Heroism, Finesse, Renounce Religion


You were on level 1 of the Elven Halls.
You worshipped Okawaru.
Okawaru was exalted by your worship.
You were starving.

You visited 8 branches of the dungeon, and saw 37 of its levels.
You also visited: Bailey and Ice Cave.

You collected 4379 gold pieces.
You spent 2810 gold pieces at shops.

Inventory:

Hand Weapons
 a - a +3 broad axe of flaming (weapon)
 b - the +6 short sword of Spontaneous Combustion {venom, Str+3 Int+6}
   (You took it off a centaur on level 6 of the Dungeon)

   It poisons the flesh of those it strikes.
   It affects your strength (+3).
   It affects your intelligence (+6).
Missiles
 d - 13 javelins (quivered)
 t - 1138 bolts
 K - 13 silver javelins
 P - 2 throwing nets
Armour
 e - +2 fire dragon scales (worn) {Xtahua}
 h - a +0 pair of gloves of strength (worn)
 i - the +2 pair of boots "Lietahil" {+Fly}
   (Okawaru gifted it to you on level 6 of the Lair of Beasts)

   It lets you fly.
 w - the +1 pair of boots of the Last Continents (worn) {rC+ Str+4 Dex+2 SInv}
   (Okawaru gifted it to you on level 2 of the Vaults)

   It affects your strength (+4).
   It affects your dexterity (+2).
   It protects you from cold.
   It lets you see invisible.
 z - a scarf of resistance (worn)
 A - the +1 ring mail of the Sun {rC+ MR+ Regen+ Str+4 Dex-4}
   (You found it on level 1 of the Vaults)

   It affects your strength (+4).
   It affects your dexterity (-4).
   It protects you from cold.
   It affects your resistance to hostile enchantments.
   It increases your rate of regeneration.
 I - +0 ice dragon scales
 N - a +0 kite shield of reflection (worn)
 S - a +2 helmet of intelligence (worn)
Jewellery
 r - an uncursed ring of protection from cold
 B - the ring of Eternal Harmony (left hand) {MR+ Stlth+}
   (You bought it in a shop on level 1 of the Elven Halls)

   [ring of stealth]

   It affects your resistance to hostile enchantments.
   It makes you more stealthy.
 E - a ring of protection from magic (right hand)
 U - an amulet of reflection (around neck)
Wands
 y - a wand of clouds (4)
 T - a wand of acid (44)
 W - a wand of digging (6)
 X - a wand of paralysis (10)
 Y - a wand of iceblast (27)
Scrolls
 j - 4 scrolls of enchant weapon
 l - 11 scrolls of teleportation
 n - 18 scrolls of remove curse
 o - 2 scrolls of fear
 u - 5 scrolls of enchant armour
 v - 4 scrolls of identify
 H - 7 scrolls of magic mapping
 J - 7 scrolls of fog
 M - 5 scrolls of blinking
 R - 2 scrolls of holy word
 Z - 3 scrolls of amnesia
Potions
 f - 2 potions of magic
 g - 5 potions of invisibility
 k - 2 potions of berserk rage
 m - 9 potions of might
 q - 7 potions of ambrosia
 s - 6 potions of haste
 x - 7 potions of brilliance
 C - a potion of cancellation
 G - 12 potions of curing
 L - 3 potions of mutation
 O - 6 potions of lignification
 Q - 5 potions of resistance
 V - 7 potions of heal wounds
Miscellaneous
 D - 2 boxes of beasts
 F - 3 phantom mirrors
Comestibles
 c - 21 rations


   Skills:
 + Level 14.1 Fighting
 + Level 14.1 Short Blades
 + Level 14.1 Long Blades
 + Level 14.1 Axes
 + Level 14.1 Maces & Flails
 + Level 14.1 Polearms
 + Level 14.1 Staves
 + Level 14.1 Slings
 + Level 14.1 Bows
 + Level 14.1 Crossbows
 + Level 14.1 Throwing
 + Level 14.1 Armour
 + Level 14.7 Dodging
 + Level 14.6 Stealth
 + Level 14.1 Shields
 + Level 14.1 Unarmed Combat
 + Level 14.8 Spellcasting
 + Level 12.3 Conjurations
 + Level 12.1 Hexes
 + Level 12.1 Charms
 + Level 12.1 Summonings
 + Level 12.1 Necromancy
 + Level 12.1 Translocations
 + Level 12.1 Transmutations
 + Level 12.1 Fire Magic
 + Level 12.1 Ice Magic
 + Level 13.1 Air Magic
 + Level 12.1 Earth Magic
 + Level 12.1 Poison Magic
 + Level 15.2 Invocations
 + Level 14.1 Evocations


You had 27 spell levels left.
You knew the following spells:

 Your Spells              Type           Power        Failure   Level  Hunger
a - Iron Shot             Conj/Erth      ######....   8%          6    ####...
b - Airstrike             Air            ######....   1%          4    None
c - Tukima's Dance        Hex            ######..     1%          3    None
d - Statue Form           Tmut/Erth      ######...    8%          6    ####...
e - Shock                 Conj/Air       ####         1%          1    None
g - Swiftness             Chrm/Air       ######..     1%          2    None
h - Apportation           Tloc           ######       1%          1    None

Your spell library contained the following spells:

 Spells                   Type           Power        Failure   Level  Hunger
 Animate Skeleton         Necr           N/A          1%          1    None
 Corona                   Hex            ######.      1%          1    None
 Infusion                 Chrm           ####         1%          1    None
 Magic Dart               Conj           ####         1%          1    None
 Summon Small Mammal      Summ           ####         1%          1    None
 Ensorcelled Hibernation  Hex/Ice        ######       1%          2    None
 Searing Ray              Conj           ######       1%          2    None
 Shroud of Golubria       Chrm/Tloc      ######       1%          2    None
 Slow                     Hex            ######..     1%          2    None
 Song of Slaying          Chrm           ######..     1%          2    None
 Confusing Touch          Hex            ######..     1%          3    None
 Dazzling Flash           Conj/Hex       ######       1%          3    None
 Inner Flame              Hex/Fire       ######..     1%          3    None
 Ozocubu's Armour         Chrm/Ice       ######..     1%          3    None
 Portal Projectile        Hex/Tloc       ######       1%          3    None
 Spectral Weapon          Hex/Chrm       ######..     1%          3    None
 Static Discharge         Conj/Air       ######..     1%          3    None
 Cause Fear               Hex            ######....   1%          4    None
 Fulminant Prism          Conj/Hex       ######....   1%          4    None
 Iskenderun's Mystic Bla  Conj/Tloc      ######..     1%          4    None
 Leda's Liquefaction      Hex/Erth       ######....   1%          4    None
 Summon Ice Beast         Ice/Summ       ######..     1%          4    None
 Bolt of Magma            Conj/Fire/Erth ######....   1%          5    None
 Irradiate                Conj/Tmut      ######....   1%          5    None
 Lightning Bolt           Conj/Air       ######....   1%          5    None
 Hydra Form               Tmut           ######....   8%          6    ####...
 Dragon Form              Tmut           ######....   38%         7    #####..
 Malign Gateway           Summ/Tloc      ######....   38%         7    #####..
 Monstrous Menagerie      Summ           ######....   38%         7    #####..
 Summon Greater Demon     Summ           ######....   38%         7    #####..
 Summon Horrible Things   Summ           ######....   97%         8    #######
 Shatter                  Erth           ######....   100%        9    #######


Dungeon Overview and Level Annotations

Branches:
Dungeon (15/15)            Temple (1/1) D:5            Lair (6/6) D:8
  Swamp (4/4) Lair:2       Spider (4/4) Lair:3        Slime (0/5) Lair:5
    Orc (2/2) D:9             Elf (1/3) Orc:2        Vaults (4/5) D:14
  Crypt (0/3) Vaults:2     Depths (0/5) D:15         Bailey (visited)
  IceCv (visited)

Altars:
Ashenzari
Cheibriados
Dithmenos
Elyvilon
Fedhas
Gozag
Hepliaklqana
Kikubaaqudgha
Makhleb
Nemelex Xobeh
Okawaru
Qazlal
Ru
Sif Muna
Trog
Uskayaw
Vehumet
Wu Jian
Xom
Yredelemnul
Zin
The Shining One
Beogh
Jiyva

Shops:
D:5 (   D:8 =   Orc:1 (   Orc:2 :(*[   Elf:1 =}=*   Vaults:2 (


Innate Abilities, Weirdness & Mutations

Your experience applies equally to all skills.
You have very sharp teeth.
Your uncanny sense of smell can sniff out nearby items.


Message History

The deep elf annihilator is severely wounded.
You barely miss the water elemental.
You feel sick. You block the water elemental's attack.
The deep elf annihilator hits you but does no damage.
You hit the deep elf annihilator. You burn the deep elf annihilator.
The deep elf annihilator is almost dead.
You hit the water elemental. You burn the water elemental.
You feel sick. You block the water elemental's attack.
The deep elf annihilator gestures wildly while chanting.
The deep elf annihilator blinks!
A deep elf mage comes into view. It is wielding a +0 long sword.
You feel sick.
You block the +2 vampiric war axe's attack.
A +0 vorpal mace comes into view.
The +2 vampiric war axe hits you but does no damage.
The deep elf annihilator casts a spell at you.
The bolt of lightning hits you!!!
* * * LOW HITPOINT WARNING * * *
The bolt of lightning hits you!!
You die...

. ∆$. # ...# .(# # ....#
#..# ########.####++#
###...# .........##.....
..e.. ∆ #....##..##. e..
... ∆ #........##.###.#(#
###
.........###.###@###.#.##
##..
.........##......E....)..
∆ ##...
...#.....##..............
#....
#..#.....####''##########
##.... ##.#.###.####..#
### #.....
...#...)..))...# #.#
#..... ########.##).###
#.## ##[...
...#....)##'## ##.#
#.#... .#.#.#####...##
#.## ##.##..


You could see a deep elf annihilator, a water elemental, a deep elf mage
(wandering) and 2 dancing weapons.

Vanquished Creatures
  Xtahua (Vaults:2)
  Jorgrun (Swamp:3)
  Frances (D:14)
  Gastronok (Orc:1)
  Agnes (Elf:1)
  4 thorn hunters
  A storm dragon (Vaults:2)
  A revenant (Vaults:1)
  Donald (Vaults:1)
  Aizul (Elf:1)
  An orc warlord (Orc:2)
  6 emperor scorpions
  Louise (Spider:2)
  A frost giant (Vaults:3)
  2 ghost moths (Spider:4)
  2 deep elf sorcerers
  2 fire giants
  7 vault wardens
  7 entropy weavers
  4 stone giants
  12 ironheart preservers
  10 very ugly things
  A deep elf demonologist (Vaults:2)
  2 deep elf annihilators (Vaults:4)
  5 dire elephants
  2 spark wasps (Spider:4)
  3 deep elf death magi
  2 ettins
  Snorg (D:14)
  6 yaktaur captains
  4 ice dragons
  4 great orbs of eyes
  A vault guard (Vaults:2)
  4 fire dragons
  A rakshasa (Vaults:3)
  A quicksilver dragon skeleton (Vaults:4)
  3 ghost crabs
  24 hydras
  2 death knights
  Erica (D:10)
  An anaconda (Lair:6)
  2 shambling mangroves (Swamp:3)
  6 centaur warriors
  10 ogre magi
  29 two-headed ogres
  2 tengu warriors
  4 dancing weapons (Elf:1)
  A deep troll shaman (Vaults:4)
  15 alligators
  2 death yaks
  A deep troll earth mage (Vaults:1)
  2 vampire magi
  The ghost of Trevise the Slinger, a novice HaHu of Dithmenos (D:9)
  6 deep elf knights
  An orc high priest (Orc:2)
  6 hell knights (Vaults:4)
  7 skeletal warriors
  Urug (Orc:2)
  A shadow wraith (Vaults:3)
  2 fire crabs (Swamp:4)
  2 spriggan druids
  3 wizards
  7 deep trolls
  7 swamp dragons
  A flayed ghost (Vaults:3)
  11 ironbrand convokers
  An unseen horror (shapeshifter) (D:15)
  3 unseen horrors
  An entropy weaver zombie (Vaults:1)
  A harpy (shapeshifter) (Vaults:4)
  A shadow dragon zombie (Vaults:4)
  A sphinx zombie (Vaults:1)
  12 deep elf archers
  2 phantasmal warriors
  A lindwurm (Swamp:4)
  10 wolf spider zombies
  10 orc knights
  6 necromancers
  14 orb spiders
  9 orc sorcerers
  An oklob plant (Lair:6)
  26 wolf spiders
  20 deep elf magi
  A manticore (D:15)
  9 cyclopes
  37 ugly things
  A guardian serpent (D:13)
  4 black mambas
  10 vault sentinels
  2 elephants (shapeshifter)
  A guardian serpent (shapeshifter) (Vaults:4)
  3 moths of wrath
  3 ice statues (IceCv)
  Psyche (D:12)
  A black mamba (shapeshifter) (Vaults:4)
  27 elephants
  2 centaur zombies (D:13)
  2 torpor snails
  A gargoyle (D:11)
  A kobold demonologist (D:14)
  18 spiny frogs
  4 rime drakes
  9 demonic crawlers
  9 komodo dragons
  21 yaktaurs
  4 freezing wraiths
  3 human skeletons
  A meliai (shapeshifter) (Vaults:4)
  3 tengu conjurers
  11 redback zombies (Spider:2)
  33 jumping spiders
  A merfolk (D:9)
  2 polar bears
  8 tyrant leeches
  11 trolls
  21 hornets
  Prince Ribbit (D:8)
  9 hippogriffs
  16 blink frogs
  74 slime creatures
  A slime creature (shapeshifter) (Vaults:3)
  16 tarantella zombies (Spider:2)
  3 bog bodies
  6 dream sheep
  29 tarantellas
  75 redbacks
  11 spriggans
  A vampire (D:11)
  2 water elementals (D:15)
  2 shadows
  4 wraiths
  54 yaks
  3 wyverns
  A fire elemental (Elf:1)
  7 fire bats
  A hog (shapeshifter) (Vaults:1)
  4 basilisks
  4 hungry ghosts
  4 steam dragons (Swamp:4)
  25 vampire mosquitoes
  Menkaure (D:5)
  4 human simulacra
  13 swamp worms
  3 wargs
  A hell hound (D:14)
  18 insubstantial wisps
  13 water moccasins
  A water moccasin (shapeshifter) (D:9)
  An acid dragon (shapeshifter) (D:14)
  7 porcupines
  9 swamp drakes
  10 ice beasts
  A black bear (D:11)
  35 orc warriors
  7 sky beasts
  An eye of draining (D:11)
  10 boggarts
  17 wolves
  28 ogres
  6 phantoms
  19 centaurs
  A crocodile (shapeshifter) (D:13)
  An orc skeleton (Vaults:1)
  A big kobold (D:12)
  13 crocodiles
  15 bullfrogs
  7 scorpions
  A scorpion (shapeshifter) (D:15)
  A wight (D:11)
  4 killer bees (D:13)
  4 jellies
  3 howler monkeys
  2 electric eels
  5 crimson imps
  3 bullfrog zombies
  3 lava snakes
  2 quasits
  22 orc priests
  3 bullfrog skeletons
  2 human zombies
  11 centaur skeletons
  7 hounds
  28 orc wizards
  4 iguanas
  Natasha (twice) (D:2)
  23 worker ants
  2 hound skeletons
  A howler monkey zombie (D:7)
  A worker ant zombie (D:11)
  15 gnolls
  12 adders
  5 shadow imps
  An ooze (D:1)
  An adder skeleton (D:10)
  3 worms
  2 dart slugs (D:1)
  6 leopard geckos
  92 orcs
  11 giant cockroaches
  11 goblins
  9 hobgoblins
  8 jackals
  25 kobolds
  6 quokkas
  A ball python (D:5)
  A ball python skeleton (D:4)
  6 bats
  2 frilled lizards
  A giant cockroach zombie (D:5)
  A jackal skeleton (D:7)
  A jackal zombie (D:3)
  2 leopard gecko skeletons
  A leopard gecko zombie (D:6)
  11 rats
  A crawling corpse (Vaults:3)
  2 fire vortices (D:14)
  2 plants (Lair:6)
1619 creatures vanquished.

Vanquished Creatures (collateral kills)
  A vault warden (Vaults:2)
  A two-headed ogre (D:15)
  2 orc knights
  3 orc warriors
  2 orc wizards
9 creatures vanquished.

Vanquished Creatures (others)
  A hydra (Swamp:4)
  A small abomination (Vaults:3)
  A swamp dragon (Swamp:3)
  2 dancing weapons (Orc:2)
  A vampire mosquito (Swamp:4)
  A steam dragon (Swamp:4)
  A swamp worm (Swamp:3)
  An orc warrior (Vaults:2)
  An ogre (Vaults:3)
  5 swamp drakes (Swamp:4)
  Natasha (D:2)
  A fire vortex (D:14)
  25 fungi
  10 pillars of salt (Vaults:3)
  15 plants
67 creatures vanquished.

Grand Total: 1695 creatures vanquished

Notes
Turn   | Place    | Note
-------+----------+-------------------------------------------
     0 | D:1      | Kagalorn the Gnoll Air Elementalist began the quest for the
                  | Orb.
     0 | D:1      | Reached XP level 1. HP: 13/13 MP: 6/6
    52 | D:1      | Reached XP level 2. HP: 19/19 MP: 0/7
   353 | D:1      | Reached XP level 3. HP: 25/25 MP: 6/9
   445 | D:1      | Reached skill level 5 in Spellcasting
   713 | D:2      | Noticed Natasha
   715 | D:2      | Killed Natasha
   715 | D:2      | Reached skill level 1 in Fighting
   715 | D:2      | Reached skill level 1 in Short Blades
   715 | D:2      | Reached skill level 1 in Long Blades
   715 | D:2      | Reached skill level 1 in Axes
   715 | D:2      | Reached skill level 1 in Maces & Flails
   715 | D:2      | Reached skill level 1 in Polearms
   715 | D:2      | Reached skill level 1 in Staves
   715 | D:2      | Reached skill level 1 in Slings
   715 | D:2      | Reached skill level 1 in Bows
   715 | D:2      | Reached skill level 1 in Crossbows
   715 | D:2      | Reached skill level 1 in Throwing
   715 | D:2      | Reached skill level 1 in Armour
   715 | D:2      | Reached skill level 1 in Shields
   715 | D:2      | Reached skill level 1 in Unarmed Combat
   715 | D:2      | Reached skill level 1 in Invocations
   715 | D:2      | Reached skill level 1 in Evocations
   715 | D:2      | Reached XP level 4. HP: 32/32 MP: 8/11
   742 | D:2      | Killed Natasha
   881 | D:2      | Reached skill level 1 in Hexes
   881 | D:2      | Reached skill level 1 in Charms
   881 | D:2      | Reached skill level 1 in Summonings
   881 | D:2      | Reached skill level 1 in Necromancy
   881 | D:2      | Reached skill level 1 in Translocations
   881 | D:2      | Reached skill level 1 in Transmutations
   881 | D:2      | Reached skill level 1 in Fire Magic
   881 | D:2      | Reached skill level 1 in Ice Magic
   881 | D:2      | Reached skill level 1 in Earth Magic
   881 | D:2      | Reached skill level 1 in Poison Magic
   950 | D:2      | Noticed Natasha
   952 | D:2      | Killed Natasha
   952 | D:2      | Reached XP level 5. HP: 37/37 MP: 5/12
  1181 | D:2      | Found a radiant altar of Vehumet.
  1756 | D:2      | Learned a level 4 spell: Airstrike
  2191 | D:3      | Reached XP level 6. HP: 44/44 MP: 11/13
  2643 | D:3      | Found a hazy altar of Hepliaklqana.
  2745 | D:4      | Reached skill level 2 in Invocations
  3027 | D:4      | Reached skill level 5 in Dodging
  3104 | D:4      | Noticed a phantom
  3106 | D:4      | Killed a phantom
  3106 | D:4      | Reached XP level 7. HP: 50/50 MP: 12/15
  3370 | D:4      | Found an iron altar of Okawaru.
  3380 | D:4      | Became a worshipper of Warmaster Okawaru
  3769 | D:5      | Entered Level 5 of the Dungeon
  3769 | D:5      | Found a stormy altar of Qazlal.
  3769 | D:5      | Noticed a fire elemental
  3770 | D:5      | Noticed a water elemental
  3770 | D:5      | Noticed an air elemental
  3799 | D:5      | Noticed Menkaure
  3802 | D:5      | Killed Menkaure
  3802 | D:5      | Reached skill level 5 in Stealth
  3812 | D:4      | Reached skill level 3 in Invocations
  3997 | D:5      | Reached XP level 8. HP: 57/57 MP: 16/16
  4126 | D:5      | Found a staircase to the Ecumenical Temple.
  4132 | Temple   | Entered the Ecumenical Temple
  4424 | D:5      | Found Zeullecw's Antique Weapon Emporium.
  4432 | D:5      | Bought a faintly glowing long sword for 170 gold pieces
  4435 | D:5      | Found a glowing golden altar of the Shining One.
  4521 | D:5      | Reached * piety under Okawaru
  5411 | D:6      | Identified the +6 short sword of Spontaneous Combustion
                  | {venom, Str+3 Int+6}
  5581 | D:6      | Reached ** piety under Okawaru
  5584 | D:6      | Reached skill level 4 in Invocations
  5778 | D:6      | Reached XP level 9. HP: 65/65 MP: 18/18
  5808 | D:6      | Found a glowing silver altar of Zin.
  5931 | D:6      | Found a hide-covered altar of Uskayaw.
  6737 | D:7      | Identified the +5 long sword "Lifebane" {pain, Str+5 Int-3
                  | Dex+3} (You bought it in a shop on level 5 of the Dungeon)
  6862 | D:7      | Found a runed translucent door.
  6866 | D:7      | Found a basalt altar of Yredelemnul.
  7195 | D:7      | Killed an unseen horror
  7612 | D:8      | Found a snail-covered altar of Cheibriados.
  7744 | D:8      | Reached *** piety under Okawaru
  7832 | D:8      | Reached skill level 5 in Invocations
  8041 | D:8      | Reached XP level 10. HP: 73/73 MP: 20/20
  8274 | D:8      | Received a gift from Okawaru
  8517 | D:8      | Reached skill level 5 in Fighting
  8517 | D:8      | Reached skill level 5 in Short Blades
  8517 | D:8      | Reached skill level 5 in Long Blades
  8517 | D:8      | Reached skill level 5 in Axes
  8517 | D:8      | Reached skill level 5 in Maces & Flails
  8517 | D:8      | Reached skill level 5 in Polearms
  8517 | D:8      | Reached skill level 5 in Staves
  8517 | D:8      | Reached skill level 5 in Slings
  8517 | D:8      | Reached skill level 5 in Bows
  8517 | D:8      | Reached skill level 5 in Crossbows
  8517 | D:8      | Reached skill level 5 in Throwing
  8517 | D:8      | Reached skill level 5 in Armour
  8517 | D:8      | Reached skill level 5 in Shields
  8517 | D:8      | Reached skill level 5 in Unarmed Combat
  8517 | D:8      | Reached skill level 5 in Evocations
  8603 | D:8      | Noticed a death yak
  8603 | D:8      | Noticed a death yak
  8603 | D:8      | Noticed a death yak
  8669 | D:8      | Found Locelailos's Jewellery Shop.
  8674 | D:8      | Noticed Prince Ribbit
  8691 | D:8      | Killed Prince Ribbit
  8979 | D:8      | Found a staircase to the Lair.
  9290 | D:7      | Learned a level 2 spell: Swiftness
  9336 | D:8      | Killed a death yak
  9336 | D:8      | Received a gift from Okawaru
  9517 | D:7      | Killed a death yak
  9517 | D:7      | Reached skill level 5 in Conjurations
  9795 | D:8      | Reached **** piety under Okawaru
  9795 | D:8      | Reached skill level 6 in Invocations
 10073 | D:9      | Found an ancient bone altar of Kikubaaqudgha.
 10232 | D:9      | Found a roughly hewn altar of Beogh.
 10232 | D:9      | Found a staircase to the Orcish Mines.
 10302 | D:9      | Reached XP level 11. HP: 81/81 MP: 5/22
 10500 | D:9      | Noticed a cyclops
 10501 | D:9      | Noticed a two-headed ogre
 10501 | D:9      | Noticed a two-headed ogre
 10501 | D:9      | Identified the cursed +2 dire flail of Gogunecw {vorpal,
                  | *Drain rPois Dex+8 Stlth+}
 10501 | D:9      | Noticed a two-headed ogre
 10502 | D:9      | Noticed Trevise's ghost (novice HaHu)
 10504 | D:9      | Noticed a moth of wrath
 10505 | D:9      | Found a bloodstained altar of Trog.
 10519 | D:9      | Found a transporter.
 10659 | D:9      | Found a basalt altar of Yredelemnul.
 10723 | D:9      | Found a transporter.
 10823 | D:9      | Learned a level 3 spell: Tukima's Dance
 10921 | D:10     | Entered Level 10 of the Dungeon
 10936 | D:10     | Noticed a two-headed ogre
 10960 | D:10     | Found a sacrificial altar of Ru.
 10983 | D:10     | Noticed Erica
 10997 | D:10     | Killed Erica
 10997 | D:10     | Reached ***** piety under Okawaru
 10997 | D:10     | Reached skill level 5 in Hexes
 10997 | D:10     | Reached skill level 5 in Charms
 10997 | D:10     | Reached skill level 5 in Summonings
 10997 | D:10     | Reached skill level 5 in Necromancy
 10997 | D:10     | Reached skill level 5 in Translocations
 10997 | D:10     | Reached skill level 5 in Transmutations
 10997 | D:10     | Reached skill level 5 in Fire Magic
 10997 | D:10     | Reached skill level 5 in Ice Magic
 10997 | D:10     | Reached skill level 5 in Earth Magic
 10997 | D:10     | Reached skill level 5 in Poison Magic
 11099 | D:10     | Killed a two-headed ogre
 11137 | D:10     | Found a flagged portal.
 11233 | Bailey   | Entered a bailey
 11305 | Bailey   | Noticed an orc knight
 11396 | Bailey   | Learned a level 1 spell: Apportation
 11406 | Bailey   | Noticed an orc knight
 11635 | Bailey   | Killed an orc knight
 12132 | Bailey   | Killed an orc knight
 12814 | D:10     | Reached skill level 7 in Invocations
 13455 | Lair:1   | Entered Level 1 of the Lair of Beasts
 13972 | Lair:1   | Received a gift from Okawaru
 14150 | Lair:1   | Reached XP level 12. HP: 89/89 MP: 11/24
 14491 | Lair:1   | Received a gift from Okawaru
 15246 | Lair:2   | Found a staircase to the Swamp.
 15455 | Lair:2   | Reached ****** piety under Okawaru
 15503 | Lair:2   | Noticed an eight-headed hydra
 15628 | Lair:1   | Received a gift from Okawaru
 15716 | Lair:2   | Reached skill level 8 in Invocations
 15851 | Lair:2   | Noticed an eight-headed hydra
 15866 | Lair:2   | Killed an eight-headed hydra
 16222 | Lair:2   | Killed an eight-headed hydra
 16572 | Lair:2   | Received a gift from Okawaru
 17219 | Lair:3   | Found a hole to the Spider Nest.
 17329 | Lair:2   | Reached XP level 13. HP: 27/98 MP: 9/26
 20837 | Lair:5   | Reached skill level 9 in Invocations
 21118 | Lair:4   | Received a gift from Okawaru
 21571 | Lair:5   | Received a gift from Okawaru
 22061 | Lair:5   | Received a gift from Okawaru
 22677 | Lair:5   | Found a viscous altar of Jiyva.
 22677 | Lair:5   | Found a staircase to the Slime Pits.
 23084 | Lair:6   | Entered Level 6 of the Lair of Beasts
 23108 | Lair:6   | Reached skill level 10 in Spellcasting
 23210 | Lair:6   | Reached XP level 14. HP: 106/106 MP: 15/28
 23384 | Lair:6   | Found a shadowy altar of Dithmenos.
 23934 | Lair:5   | Reached skill level 10 in Dodging
 24165 | Lair:6   | Identified the +1 leather armour of Sibrai {rPois rF+ MR++
                  | Str-4} (You found it on level 6 of the Lair of Beasts)
 24646 | Lair:6   | Received a gift from Okawaru
 24683 | Lair:6   | Got a pair of faintly glowing boots {god gift}
 24689 | Lair:6   | Identified the +2 pair of boots "Lietahil" {+Fly} (Okawaru
                  | gifted it to you on level 6 of the Lair of Beasts)
 25079 | Lair:6   | Reached skill level 10 in Stealth
 25893 | Lair:6   | Noticed a dire elephant
 25919 | Lair:6   | Killed a dire elephant
 25919 | Lair:6   | Reached skill level 10 in Invocations
 26071 | Lair:6   | Noticed a dire elephant
 26071 | Lair:6   | Noticed a dire elephant
 26109 | Lair:6   | Noticed a dire elephant
 26569 | Lair:5   | Found a staircase to the Slime Pits.
 26569 | Lair:5   | Found a viscous altar of Jiyva.
 26600 | Lair:5   | Killed a dire elephant
 26759 | Lair:5   | Killed a dire elephant
 26958 | Lair:6   | Noticed a dire elephant
 26989 | Lair:5   | Killed a dire elephant
 27320 | Lair:6   | Noticed a dire elephant
 27692 | Lair:5   | Killed a dire elephant
 27692 | Lair:5   | Received a gift from Okawaru
 27705 | Lair:5   | Got a scorched hat {god gift}
 27711 | Lair:5   | Identified the +1 hat of Yesterday {Int+2} (Okawaru gifted
                  | it to you on level 5 of the Lair of Beasts)
 27740 | Lair:5   | Learned a level 6 spell: Statue Form
 27747 | Lair:5   | Learned a level 6 spell: Iron Shot
 28872 | D:9      | Killed Trevise's ghost
 29892 | D:11     | Reached XP level 15. HP: 114/114 MP: 29/29
 31091 | D:12     | Noticed Psyche
 31096 | D:12     | Killed Psyche
 32874 | D:12     | You fall into a shaft and drop 2 floors!
 32874 | D:14     | Found a blossoming altar of Fedhas.
 32933 | D:14     | Noticed Snorg
 32940 | D:14     | Killed Snorg
 32940 | D:14     | Received a gift from Okawaru
 33107 | D:14     | Identified the +4 lajatang "Fumik" {elec, rN+ SInv} (You
                  | found it on level 14 of the Dungeon)
 33394 | D:14     | Noticed Frances
 33408 | D:14     | Killed Frances
 33558 | D:14     | Reached skill level 10 in Air Magic
 34216 | D:14     | Received a gift from Okawaru
 34487 | D:14     | Found a gate to the Vaults.
 34670 | D:13     | Reached skill level 10 in Fighting
 34670 | D:13     | Reached skill level 10 in Short Blades
 34670 | D:13     | Reached skill level 10 in Long Blades
 34670 | D:13     | Reached skill level 10 in Axes
 34670 | D:13     | Reached skill level 10 in Maces & Flails
 34670 | D:13     | Reached skill level 10 in Polearms
 34670 | D:13     | Reached skill level 10 in Staves
 34670 | D:13     | Reached skill level 10 in Slings
 34670 | D:13     | Reached skill level 10 in Bows
 34670 | D:13     | Reached skill level 10 in Crossbows
 34670 | D:13     | Reached skill level 10 in Throwing
 34670 | D:13     | Reached skill level 10 in Armour
 34670 | D:13     | Reached skill level 10 in Shields
 34670 | D:13     | Reached skill level 10 in Unarmed Combat
 34670 | D:13     | Reached skill level 10 in Evocations
 37196 | D:14     | Received a gift from Okawaru
 37830 | D:15     | Entered Level 15 of the Dungeon
 37875 | D:15     | Reached skill level 11 in Invocations
 38111 | D:15     | Received a gift from Okawaru
 38898 | D:15     | Found a staircase to the Depths.
 39319 | D:15     | Identified the Guide on Ashen Companions
 39500 | D:15     | Reached XP level 16. HP: 122/122 MP: 22/31
 39901 | D:15     | Upgraded the game from 0.25.0-1-g7eea58d2a3 to
                  | 0.25.0-3-gd7cc5688da
 40385 | Orc:1    | Entered Level 1 of the Orcish Mines
 40385 | Orc:1    | Found Laideimi's Weapon Emporium.
 40393 | Orc:1    | Noticed Gastronok
 40407 | Orc:1    | Found a frozen archway.
 40417 | IceCv    | Entered an ice cave
 42103 | Orc:1    | Found a roughly hewn altar of Beogh.
 42465 | Orc:2    | Entered Level 2 of the Orcish Mines
 42505 | Orc:2    | Found a bloodstained altar of Trog.
 42553 | Orc:2    | Found a staircase to the Elven Halls.
 43062 | Orc:2    | Noticed Urug
 43090 | Orc:2    | Killed Urug
 43504 | Orc:2    | Found a roughly hewn altar of Beogh.
 44148 | Orc:2    | Found Guvu's General Store.
 44159 | Orc:2    | Found Orecomp's Antique Weapon Boutique.
 44190 | Orc:2    | Found Unazerah's Antique Armour Boutique.
 44219 | Orc:2    | Bought a scroll of magic mapping for 59 gold pieces
 44267 | Orc:2    | Found Kauxeag's Book Boutique.
 44563 | Orc:2    | Bought a creamy pearl robe for 153 gold pieces
 44564 | Orc:2    | Identified the +0 robe "Giwyam" {*Corrode rF+ MR+++} (You
                  | bought it in a shop on level 2 of the Orcish Mines)
 44581 | Orc:2    | Bought a translucent hand crossbow for 297 gold pieces
 44582 | Orc:2    | Identified the +6 hand crossbow of Honour {venom, rElec rC+
                  | MR- Str+7} (You bought it in a shop on level 2 of the
                  | Orcish Mines)
 44641 | Orc:1    | Killed Gastronok
 44641 | Orc:1    | Received a gift from Okawaru
 45058 | Swamp:1  | Entered Level 1 of the Swamp
 47578 | Swamp:1  | HP: 5/124 [alligator (3)]
 47585 | Swamp:1  | HP: 6/124 [alligator[an alligator] (2)]
 48110 | Swamp:1  | Received a gift from Okawaru
 48287 | Swamp:2  | HP: 7/162 [alligator[an alligator] (17)]
 48820 | Swamp:2  | Noticed a thorn hunter
 48830 | Swamp:2  | Killed a thorn hunter
 48830 | Swamp:2  | Reached XP level 17. HP: 131/131 MP: 3/33
 48967 | Swamp:2  | Identified the cursed +1 chain mail of the Saviour {Int+2}
                  | (You found it on level 2 of the Swamp)
 49067 | Swamp:2  | Reached skill level 12 in Invocations
 50727 | Swamp:3  | Noticed Jorgrun
 50878 | Swamp:3  | Killed Jorgrun
 51008 | Swamp:3  | Received a gift from Okawaru
 51317 | Swamp:3  | Found a sacrificial altar of Ru.
 51732 | Swamp:3  | Reached skill level 10 in Conjurations
 52231 | Swamp:4  | Entered Level 4 of the Swamp
 52240 | Swamp:3  | Received a gift from Okawaru
 52583 | Swamp:4  | Received a gift from Okawaru
 52844 | Swamp:3  | HP: 8/171 [seven-headed hydra (8)]
 52854 | Swamp:3  | HP: 2/171 [fire dragon (8)]
 53447 | Swamp:3  | Received a gift from Okawaru
 53596 | Swamp:4  | Reached skill level 10 in Hexes
 53596 | Swamp:4  | Reached skill level 10 in Charms
 53596 | Swamp:4  | Reached skill level 10 in Summonings
 53596 | Swamp:4  | Reached skill level 10 in Necromancy
 53596 | Swamp:4  | Reached skill level 10 in Translocations
 53596 | Swamp:4  | Reached skill level 10 in Transmutations
 53596 | Swamp:4  | Reached skill level 10 in Fire Magic
 53596 | Swamp:4  | Reached skill level 10 in Ice Magic
 53596 | Swamp:4  | Reached skill level 10 in Earth Magic
 53596 | Swamp:4  | Reached skill level 10 in Poison Magic
 53862 | Swamp:4  | Reached XP level 18. HP: 134/139 MP: 15/34
 54321 | Swamp:4  | Got a decaying rune of Zot
 54665 | Spider:1 | Entered Level 1 of the Spider Nest
 55918 | Spider:1 | Received a gift from Okawaru
 56220 | Spider:2 | Reached skill level 13 in Invocations
 56263 | Spider:2 | Received a gift from Okawaru
 56964 | Spider:2 | Noticed Louise
 56969 | Spider:2 | Killed Louise
 57927 | Spider:3 | Received a gift from Okawaru
 58321 | Spider:4 | Entered Level 4 of the Spider Nest
 58376 | Spider:4 | Reached XP level 19. HP: 147/147 MP: 33/36
 58579 | Spider:4 | Received a gift from Okawaru
 58582 | Spider:4 | Identified the +6 lajatang of the Destroying Badger {venom,
                  | MR+ Str+7 Int-4} (Okawaru gifted it to you on level 4 of
                  | the Spider Nest)
 60128 | Spider:4 | Got a gossamer rune of Zot
 60485 | Vaults:1 | Entered Level 1 of the Vaults
 60497 | Vaults:1 | Received a gift from Okawaru
 60803 | Vaults:1 | Received a gift from Okawaru
 61347 | Vaults:1 | Received a gift from Okawaru
 61786 | Vaults:1 | Received a gift from Okawaru
 61799 | Vaults:1 | Noticed Donald
 63131 | Vaults:1 | Received a gift from Okawaru
 63573 | Vaults:1 | Identified the +1 ring mail of the Sun {rC+ MR+ Regen+
                  | Str+4 Dex-4} (You found it on level 1 of the Vaults)
 63859 | D:8      | Bought an uncursed ring of protection from magic for 300
                  | gold pieces
 64132 | Vaults:1 | Reached XP level 20. HP: 92/155 MP: 19/37
 64162 | Vaults:1 | Received a gift from Okawaru
 64162 | Vaults:1 | Reached skill level 14 in Invocations
 65435 | Vaults:1 | Killed Donald
 65907 | Vaults:2 | Found Tub Koeq's Weapon Shop.
 66341 | Vaults:2 | Received a gift from Okawaru
 66566 | Vaults:2 | Noticed Xtahua
 66579 | Vaults:2 | Killed Xtahua
 66773 | Vaults:2 | Received a gift from Okawaru
 67013 | Vaults:2 | Found a staircase to the Crypt.
 67531 | Vaults:2 | Received a gift from Okawaru
 67552 | Vaults:2 | Identified the +1 pair of boots of the Last Continents {rC+
                  | Str+4 Dex+2 SInv} (Okawaru gifted it to you on level 2 of
                  | the Vaults)
 69149 | Vaults:3 | Reached XP level 21. HP: 100/163 MP: 39/39
 69407 | Vaults:3 | Received a gift from Okawaru
 69684 | Vaults:3 | Received a gift from Okawaru
 70353 | Vaults:3 | Received a gift from Okawaru
 71547 | Vaults:4 | Received a gift from Okawaru
 72260 | Vaults:4 | Received a gift from Okawaru
 72380 | Vaults:4 | Reached skill level 15 in Invocations
 72887 | Vaults:4 | Found Cixzel's Distillery.
 72894 | Vaults:4 | Bought a potion of mutation for 160 gold pieces
 72894 | Vaults:4 | Bought a potion of haste for 200 gold pieces
 72894 | Vaults:4 | Bought a potion of heal wounds for 100 gold pieces
 72894 | Vaults:4 | Bought a potion of curing for 60 gold pieces
 72894 | Vaults:4 | Bought a potion of curing for 60 gold pieces
 72894 | Vaults:4 | Bought 2 potions of heal wounds for 200 gold pieces
 72894 | Vaults:4 | Bought a potion of might for 80 gold pieces
 72894 | Vaults:4 | Bought a potion of invisibility for 160 gold pieces
 72894 | Vaults:4 | Bought a potion of heal wounds for 100 gold pieces
 72894 | Vaults:4 | Bought a potion of haste for 200 gold pieces
 73944 | Vaults:2 | Identified the +5 arbalest of Mutilation {venom, rN++ Str+2
                  | Int-3 Stlth+}
 74413 | Elf:1    | Entered Level 1 of the Elven Halls
 74495 | Elf:1    | Noticed Agnes
 74525 | Elf:1    | Killed Agnes
 74897 | Elf:1    | Found Waomnug's General Store.
 75022 | Elf:1    | Noticed Aizul
 75029 | Elf:1    | Killed Aizul
 75029 | Elf:1    | Reached XP level 22. HP: 134/172 MP: 2/40
 75213 | Elf:1    | Found Doolec's Jewellery Shop.
 75213 | Elf:1    | Found Zaedazxe's Gadget Emporium.
 75215 | Elf:1    | Found Xiudwofo's Jewellery Shop.
 75226 | Elf:1    | Bought the ring of Eternal Harmony {MR+ Stlth+} for 511
                  | gold pieces
 75312 | Elf:1    | Killed from afar by a deep elf annihilator

Illustrated notes

Levels and vault maps discovered:
D:1:      noname_arrival_rooms_in_the_neighbourhood, layout_rooms
D:2:      layout_loops_ring, fiery_altar_vehumet, uniq_natasha
D:3:      layout_basic, lemuel_coloured_pillars_altar, first_ration
D:4:      layout_gridville, okawaru_metal_pillars_3, minmay_pentomino_pile
D:5:      layout_loops_ring, overflow_temple_1_default,
          minmay_temple_entry_hall, serial_shops, shop_fountains,
          nicolae_qazlal_style_of_elements, uniq_menkaure
D:6:      layout_basic, eat_drink_and_be_merry_uskayaw,
          nicolae_overflow_crystal_walls
D:7:      layout_basic, dk_yredelemnul_ordeal
D:8:      layout_loops_ring, kennysheep_little_box, dpeg_lair_monsters,
          serial_shops, kennysheep_mini_moat, uniq_prince_ribbit1
D:9:      layout_basic, lemuel_round_altar, kiku_gazebo_garden_becter,
          david_orc_5, gammafunk_ghost_wrathful_warriors, hangedman_fish_farm
D:10:     layout_loops_corners, enter_bailey_2, nicolae_ru_awakened_eye,
          uniq_erica
D:11:     minmay_the_grid_octo_2x2 [minmay_the_grid_octo_chip,
          minmay_the_grid_octo_clover_2, minmay_the_grid_octo_toaster,
          minmay_the_grid_octo_prize_big_c], layout_gridville
D:12:     layout_grid_maze, uniq_psyche
D:13:     layout_loops_corners, serial_undead, serial_undead_c, serial_undead_b,
          serial_undead_b, serial_undead_d, fake_guardian_serpent_vault
D:14:     layout_stronghold, david_vaults_4, fedhas_altar_fruit_tree,
          hangedman_incinerator, uniq_frances, uniq_snorg
D:15:     hangedman_depths_entry_try_elsewhere_first, layout_irregular_city,
          minmay_crystal_water
Temple:   dshaligram_water_room_temple
Lair:1:   layout_big_grid, chequers_serial_rivers_micro_a, lemuel_fruit_tree,
          grunt_megastairs_3
Lair:2:   layout_chaotic_city, swamp_mist
Lair:3:   beast_lair_carwin_large_2, layout_gridlike, spider_nest_entry_a,
          serial_bayou_shore_b, serial_bayou_shore_b, grunt_megastairs_1
Lair:4:   layout_regular_city
Lair:5:   layout_cave_pods, slime_altar_1, serial_bayou_pond_b,
          chequers_serial_rivers_micro_b, lemuel_fruit_fields
Lair:6:   due_jungle_book, layout_regular_city, lemuel_oklob_altar
Swamp:1:  layout_falls_marsh, evilmike_swamp_ruin_house_4
Swamp:2:  layout_basic_swamp, evilmike_swamp_ruin_house_6,
          infiniplex_staircase_pool_2
Swamp:3:  layout_basic_swamp, lemuel_altar_in_water, swamp_pool2, uniq_jorgrun
Swamp:4:  swamp_fiery, layout_basic_swamp
Spider:1: layout_spider_delve, nicolae_spider_webs_and_nodes
Spider:2: lemuel_spider_zombies, uniq_louise
Spider:3: layout_spider_delve
Spider:4: spider_rune_water, drop_trap
Orc:1:    layout_caves, serial_shops, shop, portal_ice_cave_entry_pillars_1,
          nicolae_orc_rockfall, minmay_orc_temple_a, uniq_gastronok
Orc:2:    grunt_orc_cross, layout_diamond_mine, bloody_trog
Elf:1:    eino_elf_arrival_sip, layout_loops_corners, serial_shops,
          nicolae_shop_waterfront, hangedman_corner_corridor, minmay_shop_grove,
          uniq_agnes, uniq_kirke, uniq_aizul
Vaults:1: dpeg_vaults_monster_row, nicolae_vaults_stairing_the_circle,
          ontoclasm_vaults_ring_small, nicolae_vaults_triangles,
          hangedman_vaults_slice, hangedman_vaults_impose,
          hangedman_vaults_nails, ontoclasm_vaults_gateway, st_cells,
          ontoclasm_vaults_loading_screen, vaults_standard_mumra_x,
          layout_vaults_chaotic_city, uniq_donald
Vaults:2: vaults_room_glass_cross, hangedman_vaults_trim,
          ontoclasm_vaults_idyll, nicolae_vaults_network_s,
          minmay_crypt_entry_simple_statues, nicolae_vaults_yaktaur_gun_rack,
          nicolae_vaults_theta, grunt_vaults_funnel, v_rooms_2,
          nicolae_vaults_diagonal_hallway_8, nicolae_vaults_ring_of_whatevers,
          v_misc_1, layout_vaults_omnibox, serial_shops, shop_statue,
          uniq_xtahua
Vaults:3: vaults_dpeg_hooks, nicolae_vaults_fighting_squares,
          hangedman_vaults_restitches, v_pattern_5,
          nicolae_vaults_circle_grid_a, v_misc_11, vaults_room_corners,
          vaults_dpeg_ring, nicolae_vaults_what_the_h,
          nicolae_vaults_circle_grid_a, nicolae_vaults_circle_grid_a,
          grunt_vaults_hallway_long, nicolae_vaults_mini_display_case,
          nicolae_vaults_rhombus_6, layout_vaults_maze_bifur,
          portal_desolation_entry_garden
Vaults:4: v_misc_8, hangedman_vaults_trim, nicolae_vaults_rhombus_7, v_rooms_1,
          hangedman_vaults_snaps, v_pattern_1, nicolae_vaults_big_ls,
          grunt_vaults_hallway_long, ontoclasm_vaults_shuriken,
          hangedman_vaults_maws, nicolae_vaults_angled_halls,
          vaults_room_stairs_pillars, layout_vaults_big_cross, serial_shops,
          shop

Skill      XL: |  1  2  3  4  5  6  7  8  9 10 11 12 13 14 15 16 17 18 19 20 21 |
---------------+----------------------------------------------------------------+-----
Conjurations   | 2 3 4 5 6 7 8 9 10 11 12 | 12.3
Spellcasting   | 5 6 7 8 9 10 11 12 13 14 | 14.8
Fighting       | 1 2 3 4 5 6 7 8 9 10 11 12 13 14 | 14.1
Short Blades   | 1 2 3 4 5 6 7 8 9 10 11 12 13 14 | 14.1
Long Blades    | 1 2 3 4 5 6 7 8 9 10 11 12 13 14 | 14.1
Axes           | 1 2 3 4 5 6 7 8 9 10 11 12 13 14 | 14.1
Maces & Flails | 1 2 3 4 5 6 7 8 9 10 11 12 13 14 | 14.1
Polearms       | 1 2 3 4 5 6 7 8 9 10 11 12 13 14 | 14.1
Staves         | 1 2 3 4 5 6 7 8 9 10 11 12 13 14 | 14.1
Slings         | 1 2 3 4 5 6 7 8 9 10 11 12 13 14 | 14.1
Bows           | 1 2 3 4 5 6 7 8 9 10 11 12 13 14 | 14.1
Crossbows      | 1 2 3 4 5 6 7 8 9 10 11 12 13 14 | 14.1
Throwing       | 1 2 3 4 5 6 7 8 9 10 11 12 13 14 | 14.1
Armour         | 1 2 3 4 5 6 7 8 9 10 11 12 13 14 | 14.1
Shields        | 1 2 3 4 5 6 7 8 9 10 11 12 13 14 | 14.1
Unarmed Combat | 1 2 3 4 5 6 7 8 9 10 11 12 13 14 | 14.1
Invocations    | 1 2 3 4 5 6 7 8 9 10 11 12 13 14 15 | 15.2
Evocations     | 1 2 3 4 5 6 7 8 9 10 11 12 13 14 | 14.1
Hexes          | 1 2 3 4 5 6 7 8 9 10 11 12 | 12.1
Charms         | 1 2 3 4 5 6 7 8 9 10 11 12 | 12.1
Summonings     | 1 2 3 4 5 6 7 8 9 10 11 12 | 12.1
Necromancy     | 1 2 3 4 5 6 7 8 9 10 11 12 | 12.1
Translocations | 1 2 3 4 5 6 7 8 9 10 11 12 | 12.1
Transmutations | 1 2 3 4 5 6 7 8 9 10 11 12 | 12.1
Fire Magic     | 1 2 3 4 5 6 7 8 9 10 11 12 | 12.1
Ice Magic      | 1 2 3 4 5 6 7 8 9 10 11 12 | 12.1
Earth Magic    | 1 2 3 4 5 6 7 8 9 10 11 12 | 12.1
Poison Magic   | 1 2 3 4 5 6 7 8 9 10 11 12 | 12.1
Dodging        | 5 6 7 8 9 10 11 12 13 14 | 14.7
Stealth        | 5 6 7 8 9 10 11 12 13 14 | 14.6
Air Magic      | 6 7 8 9 10 11 12 13 | 13.1

Action                   |  1- 3 |  4- 6 |  7- 9 | 10-12 | 13-15 | 16-18 | 19-21 | 22-24 || total
-------------------------+-------+-------+-------+-------+-------+-------+-------+-------++-------
Melee: Unarmed           |     7 |       |       |       |       |       |       |       ||     7
       Bite              |     2 |     3 |     8 |    39 |   140 |   246 |   279 |     1 ||   718
       Short sword       |       |     2 |       |   177 |   916 |  1517 |   547 |       ||  3159
       Dagger            |       |    19 |    82 |     6 |       |       |       |       ||   107
       Rapier            |       |       |       |    72 |       |       |       |       ||    72
       Eveningstar       |       |       |       |       |       |   310 |   259 |       ||   569
       Broad axe         |       |       |       |       |       |       |  1129 |     7 ||  1136
 Fire: Hunting sling     |       |       |       |    91 |       |       |       |       ||    91
Throw: Dart              |       |       |     2 |    29 |       |       |       |       ||    31
       Stone             |       |       |       |    44 |       |       |       |       ||    44
 Cast: Shock             |    39 |   117 |   220 |   298 |   416 |    50 |       |       ||  1140
       Airstrike         |       |     1 |    21 |   161 |   570 |   609 |   117 |     2 ||  1481
       Swiftness         |       |       |       |     1 |     3 |       |       |       ||     4
       Apportation       |       |       |       |   100 |       |       |       |       ||   100
       Statue Form       |       |       |       |       |     1 |    72 |    29 |       ||   102
       Tukima's Dance    |       |       |       |       |     2 |    20 |     7 |       ||    29
       Iron Shot         |       |       |       |       |       |    54 |   187 |     2 ||   243
Invok: Heroism           |       |       |     1 |       |     1 |       |     6 |       ||     8
 Abil: End Transformatio |       |       |       |       |       |       |     5 |       ||     5
Evoke: Wand              |       |       |       |       |       |     4 |       |       ||     4
  Use: Scroll            |       |     6 |     6 |    11 |    15 |    15 |     8 |       ||    61
       Potion            |       |       |       |     2 |       |     5 |     2 |       ||     9
 Stab: Sleeping          |       |     3 |     7 |     5 |    16 |    11 |    38 |       ||    80
       Distracted        |       |       |       |     2 |       |     4 |     4 |       ||    10
       Paralysed         |       |       |       |       |       |     1 |       |       ||     1
  Eat: Chunk             |       |     6 |     8 |    22 |    45 |    34 |    35 |       ||   150
       Ration            |       |       |     3 |     5 |     7 |    17 |    16 |       ||    48
Armor: Robe              |     1 |     2 |    15 |    17 |       |       |       |       ||    35
       Leather armour    |       |       |       |    19 |   185 |   167 |    76 |       ||   447
       Skin              |       |       |       |       |       |   784 |   240 |       ||  1024
       Ring mail         |       |       |       |       |       |       |   189 |       ||   189
       Fire dragon scale |       |       |       |       |       |       |     1 |     2 ||     3
Dodge: Dodged            |    15 |    28 |    82 |   275 |   643 |  2031 |  1038 |     3 ||  4115
Block: Buckler           |       |     3 |    26 |   107 |   342 |   962 |   467 |       ||  1907
       Reflection        |       |       |       |       |       |       |    80 |       ||    80
       Kite shield       |       |       |       |       |       |       |   803 |     6 ||   809
